PAAA
CALGARY LYNX @ MILTON DOGFISH HEAD
08/17/2026
 
TOP OF THE 1ST
Calgary Lynx batting - Pitching for Milton Dogfish Head : LHP Santiago Mesa
Pitching: LHP Santiago Mesa
Batting: RHB Logan Namajunas 0-0: Ball
1-0: Ground out 4-3 (Groundball, 4D)
Batting: RHB José Carlos Ramos 0-0: Called Strike
0-1: Ground out 1-3 (Groundball, P)
Batting: RHB Frank Grimes 0-0: Swinging Strike
0-1: Foul Ball, location: 2F
0-2: Strikes out swinging
Top of the 1st over - 0 run(s), 0 hit(s), 0 error(s), 0 left on base; Calgary 0 - Milton 0
BOTTOM OF THE 1ST
Milton Dogfish Head batting - Pitching for Calgary Lynx : RHP Juan López
Pitching: RHP Juan López
Batting: LHB Floyd Long 0-0: Called Strike
0-1: Ball
1-1: Ball
2-1: Called Strike
2-2: Foul Ball, location: 2F
2-2: Ball
3-2: Foul Ball, location: 2F
3-2: Base on Balls
Batting: LHB Jack Sutherland 0-0: Ball
1-0: Ball
2-0: Called Strike
2-1: Fly out, F8 (Line Drive, 89M)
Batting: LHB Víctor Robledo 0-0: Fielders Choice at 2nd, 1-6 (Groundball, P)
Batting: LHB António Ramos 0-0: Ball
1-0: Ball
2-0: Ball
3-0: Base on Balls
Víctor Robledo to second
Batting: RHB Moisés Quintana 0-0: Ball
1-0: Swinging Strike
1-1: Ball
2-1: Fly out, F5 (Popup, 5S)
Bottom of the 1st over - 0 run(s), 0 hit(s), 0 error(s), 2 left on base; Calgary 0 - Milton 0
TOP OF THE 2ND
Calgary Lynx batting - Pitching for Milton Dogfish Head : LHP Santiago Mesa
Batting: RHB Jesús Martínez 0-0: Swinging Strike
0-1: Ball
1-1: SINGLE (Line Drive, 56)
Batting: RHB Pau Arria 0-0: Ball
1-0: Reached on error, E6 (Groundball, 6M)
Jesús Martínez to second
Batting: LHB Ángel López 0-0: Ball
1-0: Ball
2-0: Foul Ball, location: 2F
2-1: Ball
3-1: Swinging Strike
3-2: Strikes out swinging
Batting: RHB Iván Pérez 0-0: Ball
1-0: Called Strike
1-1: Swinging Strike
1-2: Ball
2-2: Foul Ball, location: 2F
2-2: Strikes out swinging
Batting: LHB Daniel García 0-0: Ball
1-0: Ball
2-0: Ball
3-0: Base on Balls
Jesús Martínez to third
Pau Arria to second
Batting: RHB Wilson Vega 0-0: Ground out 3-1 (Groundball, 34S)
Top of the 2nd over - 0 run(s), 1 hit(s), 1 error(s), 3 left on base; Calgary 0 - Milton 0
BOTTOM OF THE 2ND
Milton Dogfish Head batting - Pitching for Calgary Lynx : RHP Juan López
Batting: RHB Luis Alomar 0-0: Foul Ball, location: 2F
0-1: Bunt for hit - play at first, batter OUT! 3-4
Batting: LHB Luis Vicenteno 0-0: Foul Ball, location: 2F
0-1: Swinging Strike
0-2: Ball
1-2: Foul Ball, location: 2F
1-2: Ball
2-2: Strikes out looking
Batting: RHB Víctor López 0-0: Called Strike
0-1: Swinging Strike
0-2: Ball
1-2: Ball
2-2: Ball
3-2: Base on Balls
Batting: RHB Lorenzo Rosas 0-0: Ball
1-0: Called Strike
1-1: Ball
2-1: Fielders Choice at 2nd, 5-4 (Groundball, 5)
Bottom of the 2nd over - 0 run(s), 0 hit(s), 0 error(s), 0 left on base; Calgary 0 - Milton 0
TOP OF THE 3RD
Calgary Lynx batting - Pitching for Milton Dogfish Head : LHP Santiago Mesa
Batting: RHB Logan Namajunas 0-0: Swinging Strike
0-1: Called Strike
0-2: Strikes out swinging
Batting: RHB José Carlos Ramos 0-0: Ball
1-0: Ball
2-0: Ball
3-0: Called Strike
3-1: Base on Balls
Batting: RHB Frank Grimes 0-0: Called Strike
0-1: Called Strike
0-2: Foul Ball, location: 2F
0-2: Ball
1-2: SINGLE (Line Drive, 6MD)
José Carlos Ramos to second
Batting: RHB Jesús Martínez 0-0: Ball
1-0: Fly out, F8 (Flyball, 89S)
Batting: RHB Pau Arria 0-0: Ball
1-0: Fly out, F9 (Flyball, 9LMF)
Top of the 3rd over - 0 run(s), 1 hit(s), 0 error(s), 2 left on base; Calgary 0 - Milton 0
BOTTOM OF THE 3RD
Milton Dogfish Head batting - Pitching for Calgary Lynx : RHP Juan López
Batting: LHB Floyd Long 0-0: Ball
1-0: SINGLE (Groundball, 34D)
Batting: LHB Jack Sutherland 0-0: Ball
1-0: SINGLE (Line Drive, 89S)
Floyd Long to second
Batting: LHB Víctor Robledo 0-0: Ball
1-0: Foul Ball, location: 2F
1-1: Ball
2-1: Fly out, F4 (Line Drive, 34D)
Lined into DP, 4-6 (Line Drive, 34D)
Batting: LHB António Ramos 0-0: Ball
Jack Sutherland is caught stealing 2nd base
Bottom of the 3rd over - 0 run(s), 2 hit(s), 0 error(s), 0 left on base; Calgary 0 - Milton 0
TOP OF THE 4TH
Calgary Lynx batting - Pitching for Milton Dogfish Head : LHP Santiago Mesa
Batting: LHB Ángel López 0-0: SINGLE (Groundball, 4) (infield hit)
Batting: RHB Iván Pérez 0-0: Foul Ball, location: 2F
0-1: Ball
Ángel López is caught stealing 2nd base
1-1: Foul Ball, location: 2F
1-2: Foul Ball, location: 2F
1-2: Foul Ball, location: 2F
1-2: Foul Ball, location: 2F
1-2: Ball
2-2: Fly out, F8 (Flyball, 8RM)
Batting: LHB Daniel García 0-0: Ground out 4-3 (Groundball, 4MS)
Top of the 4th over - 0 run(s), 1 hit(s), 0 error(s), 0 left on base; Calgary 0 - Milton 0
BOTTOM OF THE 4TH
Milton Dogfish Head batting - Pitching for Calgary Lynx : RHP Juan López
Batting: LHB António Ramos 0-0: Ball
1-0: Ball
2-0: Called Strike
2-1: Called Strike
2-2: Ball
3-2: Strikes out swinging
Batting: RHB Moisés Quintana 0-0: Ground out 4-3 (Groundball, 4S)
Batting: RHB Luis Alomar 0-0: Called Strike
0-1: Swinging Strike
0-2: Foul Ball, location: 2F
0-2: Ball
1-2: Foul Ball, location: 2F
1-2: Foul Ball, location: 2F
1-2: Ball
2-2: Fly out, F8 (Flyball, 8LS)
Bottom of the 4th over - 0 run(s), 0 hit(s), 0 error(s), 0 left on base; Calgary 0 - Milton 0
TOP OF THE 5TH
Calgary Lynx batting - Pitching for Milton Dogfish Head : LHP Santiago Mesa
Batting: RHB Wilson Vega 0-0: Foul Ball, location: 2F
0-1: Fly out, F7 (Line Drive, 7)
Batting: RHB Logan Namajunas 0-0: Ball
1-0: Foul Ball, location: 2F
1-1: Swinging Strike
1-2: Strikes out swinging
Batting: RHB José Carlos Ramos 0-0: Fly out, F7 (Flyball, 7LS)
Top of the 5th over - 0 run(s), 0 hit(s), 0 error(s), 0 left on base; Calgary 0 - Milton 0
BOTTOM OF THE 5TH
Milton Dogfish Head batting - Pitching for Calgary Lynx : RHP Juan López
Batting: LHB Luis Vicenteno 0-0: Ball
1-0: Ground out 5-3 (Groundball, 56S)
Batting: RHB Víctor López 0-0: SINGLE (Groundball, 4MD)
Batting: RHB Lorenzo Rosas 0-0: Called Strike
Víctor López is caught stealing 2nd base
0-1: Ball
1-1: Swinging Strike
1-2: Foul Ball, location: 2F
1-2: Ball
2-2: Fly out, F6 (Popup, 6M)
Bottom of the 5th over - 0 run(s), 1 hit(s), 0 error(s), 0 left on base; Calgary 0 - Milton 0
TOP OF THE 6TH
Calgary Lynx batting - Pitching for Milton Dogfish Head : LHP Santiago Mesa
Batting: RHB Frank Grimes 0-0: Ball
1-0: Ball
2-0: Ground out 5-3 (Groundball, 56S)
Batting: RHB Jesús Martínez 0-0: Ball
1-0: Ball
2-0: Called Strike
2-1: Called Strike
2-2: SINGLE (Line Drive, 89S)
Batting: RHB Pau Arria 0-0: Ball
1-0: Called Strike
1-1: Foul Ball, location: 2F
1-2: Foul Ball, location: 2F
1-2: Strikes out swinging
Batting: LHB Ángel López 0-0: Ball
1-0: Ball
2-0: Called Strike
2-1: Foul Ball, location: 2F
2-2: Foul Ball, location: 2F
2-2: SINGLE (Groundball, 34) (infield hit)
Jesús Martínez to second
Batting: RHB Iván Pérez 0-0: Called Strike
0-1: Ball
1-1: Ball
2-1: Called Strike
2-2: Ball
3-2: Foul Ball, location: 2F
3-2: Base on Balls
Jesús Martínez to third
Ángel López to second
Pitching: RHP Edgardo Nava
Batting: LHB Daniel García 0-0: Swinging Strike
0-1: Ball
1-1: Ball
2-1: Swinging Strike
2-2: Ball
3-2: Strikes out swinging
Top of the 6th over - 0 run(s), 2 hit(s), 0 error(s), 3 left on base; Calgary 0 - Milton 0
BOTTOM OF THE 6TH
Milton Dogfish Head batting - Pitching for Calgary Lynx : RHP Juan López
Batting: LHB Floyd Long 0-0: Ball
1-0: Ball
2-0: Ball
3-0: Called Strike
3-1: Base on Balls
Batting: LHB Jack Sutherland 0-0: Ball
1-0: Ball
2-0: Foul Ball, location: 2F
2-1: Bunted foul
2-2: 2-RUN HOME RUN (Flyball, 8RXD), Distance : 439 ft
Batting: LHB Víctor Robledo 0-0: Called Strike
0-1: Ball
1-1: Ball
2-1: DOUBLE (Line Drive, 9LM)
Batting: LHB António Ramos 0-0: Ball
1-0: Called Strike
1-1: Ground out 4-3 (Groundball, 4)
Víctor Robledo to third
Batting: RHB Moisés Quintana 0-0: Foul Ball, location: 2F
0-1: Fly out, F9 (Flyball, 9)
Batting: RHB Luis Alomar 0-0: Called Strike
0-1: Ball
1-1: Fly out, F7 (Flyball, 7LM)
Bottom of the 6th over - 2 run(s), 2 hit(s), 0 error(s), 1 left on base; Calgary 0 - Milton 2
TOP OF THE 7TH
Calgary Lynx batting - Pitching for Milton Dogfish Head : RHP Edgardo Nava
Batting: RHB Wilson Vega 0-0: Called Strike
0-1: Ball
1-1: SINGLE (Groundball, 56D)
Batting: RHB Logan Namajunas 0-0: Ball
1-0: Ball
2-0: Called Strike
2-1: Fly out, F9 (Flyball, 9LM)
Batting: RHB José Carlos Ramos 0-0: Called Strike
0-1: Grounds into double play, 6-4-3 (Groundball, 6)
Top of the 7th over - 0 run(s), 1 hit(s), 0 error(s), 0 left on base; Calgary 0 - Milton 2
BOTTOM OF THE 7TH
Milton Dogfish Head batting - Pitching for Calgary Lynx : RHP Juan López
Batting: LHB Luis Vicenteno 0-0: Ball
1-0: Fly out, F8 (Flyball, 8LM)
Batting: RHB Víctor López 0-0: Ball
1-0: Foul Ball, location: 2F
1-1: Foul Ball, location: 2F
1-2: Ball
2-2: Foul Ball, location: 2F
2-2: Foul Ball, location: 2F
2-2: Ball
3-2: Base on Balls
Pitching: RHP Dave Goode
Batting: RHB Lorenzo Rosas 0-0: Ball
1-0: Ball
2-0: Fly out, F7 (Flyball, 7S)
Batting: LHB Floyd Long 0-0: Ball
1-0: Called Strike
1-1: Foul Ball, location: 2F
1-2: SINGLE (Line Drive, 3D)
Víctor López to second
Víctor López to third
Batting: LHB Jack Sutherland 0-0: Called Strike
0-1: Ball
1-1: Foul Ball, location: 2F
1-2: Ball
2-2: Foul Ball, location: 2F
2-2: Ball
3-2: Base on Balls
Floyd Long to second
Batting: LHB Víctor Robledo 0-0: Ball
1-0: Foul Ball, location: 2F
1-1: Called Strike
1-2: Foul Ball, location: 2F
1-2: Ball
2-2: Ball
3-2: Foul Ball, location: 2F
3-2: SINGLE (Flyball, 8RS)
Víctor López scores
Floyd Long to third
Jack Sutherland to second
Floyd Long scores
Jack Sutherland to third
Batting: LHB António Ramos 0-0: Fielders Choice at 2nd, 4-6 (Groundball, 34)
Bottom of the 7th over - 2 run(s), 2 hit(s), 0 error(s), 1 left on base; Calgary 0 - Milton 4
TOP OF THE 8TH
Calgary Lynx batting - Pitching for Milton Dogfish Head : RHP Edgardo Nava
Batting: RHB Frank Grimes 0-0: Called Strike
0-1: Swinging Strike
0-2: Strikes out swinging
Batting: RHB Jesús Martínez 0-0: Ball
1-0: Swinging Strike
1-1: Called Strike
1-2: Foul Ball, location: 2F
1-2: Ball
2-2: Ball
3-2: Strikes out swinging
Batting: RHB Pau Arria 0-0: Called Strike
0-1: Foul Ball, location: 2F
0-2: Ball
1-2: Foul Ball, location: 2F
1-2: Ball
2-2: Ball
3-2: Base on Balls
Batting: LHB Ángel López 0-0: Ball
1-0: Ball
2-0: Called Strike
2-1: SINGLE (Line Drive, 8RS)
Pau Arria to second
Batting: RHB Iván Pérez 0-0: Called Strike
0-1: Ball
1-1: Foul Ball, location: 2F
1-2: Ball
2-2: Fly out, F7 (Flyball, 7)
Top of the 8th over - 0 run(s), 1 hit(s), 0 error(s), 2 left on base; Calgary 0 - Milton 4
BOTTOM OF THE 8TH
Milton Dogfish Head batting - Pitching for Calgary Lynx : RHP Dave Goode
Batting: RHB Moisés Quintana 0-0: Called Strike
0-1: Ball
1-1: Ball
2-1: Fly out, F8 (Line Drive, 89M)
Batting: RHB Luis Alomar 0-0: Ball
1-0: Ball
2-0: Ball
3-0: Base on Balls
Batting: LHB Luis Vicenteno 0-0: Grounds out, U3 (Groundball, 3L)
Batting: RHB Víctor López 0-0: Ground out 6-3 (Groundball, 6)
Bottom of the 8th over - 0 run(s), 0 hit(s), 0 error(s), 1 left on base; Calgary 0 - Milton 4
TOP OF THE 9TH
Calgary Lynx batting - Pitching for Milton Dogfish Head : RHP Edgardo Nava
Pitching: RHP Jim Unknown
Batting: LHB Daniel García 0-0: Swinging Strike
0-1: Called Strike
0-2: Ground out 4-3 (Groundball, 4)
Batting: RHB Wilson Vega 0-0: Ball
1-0: Ground out 6-3 (Groundball, 6)
Batting: RHB Logan Namajunas 0-0: Ball
1-0: Foul Ball, location: 2F
1-1: Swinging Strike
1-2: Ball
2-2: Foul Ball, location: 2F
2-2: Ball
3-2: Base on Balls
Batting: RHB José Carlos Ramos 0-0: Called Strike
0-1: Swinging Strike
0-2: Foul Ball, location: 2F
0-2: Fielders Choice at 2nd, 5-4 (Groundball, 5L)
Top of the 9th over - 0 run(s), 0 hit(s), 0 error(s), 0 left on base; Calgary 0 - Milton 4
Monday, March 20th, 2017 - OOTP Baseball 17.12 Build 75